 Dungeon Crawl Stone Soup version 0.30-a0-1163-gf69bf04e7a (webtiles) character file.

Game seed: 14587579447544011561

56 backslashecho the Chiller (level 3, -4/24 HPs)
             Began as a Merfolk Ice Elementalist on Apr 28, 2023.
             Killed from afar by a white imp (10 damage)
             ... with a puff of frost
             ... on level 3 of the Dungeon.
             The game lasted 00:05:56 (1889 turns).

backslashecho the Chiller (MfIE)                    Turns: 1889, Time: 00:05:57

Health: -4/24      AC:  2    Str:  8    XL:     3   Next: 97%
Magic:  6/6        EV: 12    Int: 16    God:
Gold:   108        SH:  0    Dex: 14    Spells: 0/7 levels left

rFire   . . .        b - +3 dagger
rCold   . . .        (no shield)
rNeg    + . .        h - +0 robe
rPois   .            (no helmet)
rElec   .            (no cloak)
rCorr   .            (no gloves)
SInv    .            (no boots)
Will    .....        (no amulet)
Stlth   ++           f - ring of positive energy
HPRegen 0.24/turn    (no ring)
MPRegen 0.10/turn

%: no passive effects
@: no status effects
A: (nimble swimmer 2), mertail
a: no special abilities


You were on level 3 of the Dungeon.
You visited 1 branch of the dungeon, and saw 3 of its levels.

You collected 108 gold pieces.

Inventory:

Hand Weapons
 a - a +0 spear
 b - a +3 dagger (weapon)
Missiles
 p - 3 poisoned darts
Armour
 h - a +0 robe (worn)
Jewellery
 f - a ring of positive energy (left hand)
Scrolls
 c - 3 scrolls of teleportation {unknown}
 e - 3 scrolls of identify {unknown}
 l - a scroll of brand weapon {unknown}
 n - a scroll of immolation {unknown}
Potions
 d - a potion of magic
 g - a potion of curing {unknown}
 i - 2 potions of attraction {unknown}
 j - a potion of invisibility {unknown}
 k - a potion of resistance {unknown}
 m - a potion of ambrosia {unknown}
 o - a potion of haste {unknown}


   Skills:
 + Level 1.1 Polearms
 - Level 2.6 Dodging
 - Level 2.1 Stealth
 + Level 2.6 Spellcasting
 * Level 5.4 Ice Magic


You couldn't memorise any spells.
You knew the following spells:

 Your Spells              Type           Power      Damage    Failure   Level
a - Freeze                Ice            76%        1d8       2%          1
b - Ozocubu's Armour      Ice            19%        N/A       6%          3
c - Frozen Ramparts       Ice            38%        1d6       6%          3

Your spell library contained the following spells:

 Spells                   Type           Power      Damage    Failure   Level
 Summon Small Mammal      Summ           8%         N/A       21%         1
 Call Canine Familiar     Summ           2%         N/A       52%         3
 Summon Guardian Golem    Hex/Summ       2%         N/A       52%         3
 Summon Ice Beast         Ice/Summ       10%        N/A       54%         4


Dungeon Overview and Level Annotations

Branches:
Dungeon (3/15)

Altars:

Annotations:
D:3 3 runed translucent doors, qeuew's ghost, amateur GrFi


Innate Abilities, Weirdness & Mutations

((You are very nimble when in or above water. (Stealth+, EV+, Speed+++)))
Your lower body shifts to a powerful aquatic tail in water.


Message History

Aim: a kobold, wielding a +0 short sword and quivering poisoned darts (severely wounded)
You freeze the kobold!
You kill the kobold!
You now have 3/6 mp.
Things that are here:
a +0 short sword; 3 poisoned darts; a kobold corpse
p - 3 poisoned darts Your magical contamination has completely faded away.
A white imp comes into view.
You regained 5 hp, and now have 22/24 hp.
You regained 2 mp, and now have 5/6 mp.
You reach to attack!
You hit the white imp but do no damage. You hit the white imp but do no damage.
The white imp barely misses you.
You barely miss the white imp.
The white imp sputters.
The white imp closely misses you.
You completely miss the white imp. The white imp gestures at you.
The puff of frost hits you.
You take 6 damage, and have 17/24 hp.
MASSIVE DAMAGE!!
You hit the white imp but do no damage. The white imp hits you.
The white imp freezes you.
You take 7 damage, and have 10/24 hp.
MASSIVE DAMAGE!!
MP restored: 6 You are too injured to fight recklessly!
You hit the white imp but do no damage. The white imp gestures at you.
The puff of frost misses you.
Okay, then.
Okay, then.
b - a +3 dagger (weapon)
The white imp gestures at you. The puff of frost hits you.
* * * LOW HITPOINT WARNING * * *
You take 5 damage, and have 5/24 hp.
MASSIVE DAMAGE!!
You hit the white imp.
The white imp is lightly wounded.
The white imp gestures at you. The puff of frost hits you!
You die...

.#.........
.##..#####
..#.## ..#
..#.# ..#
..#.######.
..#
.##........
..#
.#...#####.
..# ##...#
#.#.#####..#
#..###
#......@5..#
..##
########.#.#
###
#####...#
#.......#
#######
#.#######
......# #.#
#####.# #.#
#.# #.# #.#
#.#


You could see a white imp.

Vanquished Creatures
  5 ball pythons
  5 bats
  4 endoplasms
  A giant cockroach (D:3)
  8 goblins
  7 hobgoblins
  3 jackals (D:1)
  4 kobolds
  5 quokkas
  2 frilled lizards
  A rat (D:1)
45 creatures vanquished.

Notes
Turn   | Place    | Note
-------+----------+-------------------------------------------
     0 | D:1      | backslashecho the Merfolk Ice Elementalist began the quest
                  | for the Orb.
     0 | D:1      | Reached XP level 1. HP: 13/13 MP: 3/3
   145 | D:1      | Reached XP level 2. HP: 19/19 MP: 3/5
   287 | D:1      | Reached skill level 5 in Ice Magic
   372 | D:1      | Reached XP level 3. HP: 11/24 MP: 4/6
   428 | D:1      | Learned a level 3 spell: Frozen Ramparts
   833 | D:2      | Learned a level 3 spell: Ozocubu's Armour
  1243 | D:2      | Reached skill level 1 in Polearms
  1677 | D:3      | Found a runed translucent gate.
  1678 | D:3      | Found a runed translucent gate.
  1680 | D:3      | Found a runed translucent gate.
  1708 | D:3      | Noticed qeuew's ghost (amateur GrFi)
  1889 | D:3      | Killed from afar by a white imp

Illustrated notes

Levels and vault maps discovered:
D:1:      minmay_arrival_jagged, layout_basic, chequers_serial_rivers_micro_e
D:2:      layout_basic
D:3:      minmay_inner_zag, layout_loops_ring, minmay_overflow_temple_star_quad,
          gammafunk_ghost_icy, roderic_lattice_a, uniq_grinder, uniq_natasha

Skill      XL: |  1  2  3 |
---------------+----------+-----
Ice Magic      | 5 |  5.4
Polearms       | 1 |  1.1
Dodging        | |  2.6
Stealth        | |  2.1
Spellcasting   | |  2.6

Action                     || total
---------------------------++-------
  Melee: Dagger            ||     9
         Spear             ||   147
         Tailslap          ||     5
         Punch             ||     1
   Cast: Freeze            ||    23
         Frozen Ramparts   ||     2
   Stab: Sleeping          ||     8
 Armour: Robe              ||    40
  Dodge: Dodged            ||   126

Table legend: (Time is in decaauts)
 A = Elapsed time spent in this place.
 B = Non-inter-level travel time spent in this place.
 C = Inter-level travel time spent in this place.
 D = Time resting spent in this place.
 E = Time spent auto-exploring this place.
 F = Levels seen in this place.
 G = Mean time per level.
                   A        B        C        D        E       F      G
               +--------+--------+--------+--------+--------+-----+--------+
         Total |   1889 |   1844 |     45 |    168 |   1184 |   3 |  629.7 |
       Dungeon |   1889 |   1844 |     45 |    168 |   1184 |   3 |  629.7 |
               +--------+--------+--------+--------+--------+-----+--------+

Top non-repeatable levels by time:
     D:2: 930 daAuts
     D:1: 726 daAuts
     D:3: 232 daAuts
